 Dungeon Sprint DCSS version 0.28.0-53-g5a82cb258f (webtiles) character file.

Game seed: 13392879786142624239

1276 Zeld the Fighter (level 8, -3/85 HPs)
             Began as a Minotaur Berserker on June 12, 2022.
             Was a Priest of Trog.
             Slain by Sonja
             ... wielding a +4 dagger of distortion
              (24 damage)
             ... in the Dungeon (Sprint I: "Red Sonja").
             The game lasted 00:01:26 (1266 turns).

Zeld the Fighter (Minotaur Berserker)               Turns: 1266, Time: 00:01:27

Health: -3/85      AC:  2    Str: 23    XL:     8   Next: 28%
Magic:  7/7        EV: 14    Int:  4    God:    Trog [***...]
Gold:   76         SH:  5    Dex: 11    Spells: 7/7 levels left

rFire   . . .      SeeInvis .   a - +0 hand axe
rCold   . . .      Faith    .   (no shield)
rNeg    . . .      Spirit   .   b - +0 animal skin
rPois   .          Reflect  +   (helmet restricted)
rElec   .          Harm     .   (no cloak)
rCorr   .          Rampage  .   (no gloves)
Will    .....      NoTele   +   (no boots)
Stlth   +.........              j - amulet of reflection
HPRegen 0.24/turn               (no ring)
MPRegen 0.10/turn               (no ring)

@: on berserk cooldown, slowed, very slow
A: horns 2, retaliatory headbutt
a: Renounce Religion, Berserk, Trog's Hand


You were in the Dungeon.
You worshipped Trog.
Trog was most pleased with you.
You visited 1 branch You collected 436 gold pieces.
You spent 360 gold pieces at shops.

Inventory:

Hand Weapons
 a - a +0 hand axe (weapon)
Armour
 b - a +0 animal skin (worn)
Jewellery
 j - an amulet of reflection (around neck)
Scrolls
 h - a scroll of blinking
Potions
 e - a potion of haste
 f - 2 potions of magic
 g - a potion of berserk rage


   Skills:
 * Level 12.5 Fighting
 * Level 12.4 Axes
 + Level 8.9 Armour
 + Level 8.1 Dodging
 + Level 5.4 Evocations


You had 7 spell levels left.
You didn't know any spells.
Your spell library was empty.

Dungeon Overview and Level Annotations

Branches:
Dungeon (1/1)

Altars:
Cheibriados
Dithmenos
Elyvilon
Fedhas
Gozag
Hepliaklqana
Kikubaaqudgha
Makhleb
Nemelex Xobeh
Okawaru
Qazlal
Ru
Sif Muna
Trog
Uskayaw
Vehumet
Wu Jian
Xom
Yredelemnul
Zin
The Shining One
Jiyva
Lugonu

Shops:
D =

Annotations:
D Sonja


Innate Abilities, Weirdness & Mutations

You have a pair of horns on your head.
You reflexively headbutt those who attack you in melee.


Message History

There is an open door, spattered with blood here.
Unknown command.
You feel much better.
You feel very sick.
You block Sonja's attack. x3; Sonja hits you but does no damage.
Sonja hits you with a +4 dagger of distortion.
Sonja hits you with a +4 dagger of distortion!
Space warps around you.
* * * LOW HITPOINT WARNING * * *
You feel much better.
You feel very sick.
Sonja casts a spell.
Sonja blinks!
Sonja throws a curare-tipped dart.
The curare-tipped dart hits you.
You are more poisoned.
You have difficulty breathing.
You feel as though you will be slow longer.
Unknown command.
You feel better.
Sonja throws a curare-tipped dart.
The curare-tipped dart hits you.
You are poisoned.
You have difficulty breathing.
You feel as though you will be slow longer.
Sonja zaps a wand.
The mass of ice explodes!
The iceblast engulfs you!
* * * LOW HITPOINT WARNING * * *
Unknown command.
You feel sick.
Sonja zaps a wand.
The mass of ice explodes!
The iceblast engulfs you!
* * * LOW HITPOINT WARNING * * *
You close the door.
You feel sick.
You are no longer poisoned.
Sonja breaks down the door.
It's broken and can't be closed.
You feel much better.
Sonja hits you with a +4 dagger of distortion.
Space warps around you.
Sonja hits you with a +4 dagger of distortion!
* * * LOW HITPOINT WARNING * * *
Space warps horribly around you!!
You die...

##########################
#<.#..)..#..'..#__#..')..#
#..)..#..').#..'..'..#)..#
#..#####'#####'#__####...+
#..####..#...#(#### #####
#..#__####.@##.#
#..#_____##K#_.+
#⌠⌠#_.∩...'..._#
####_..__##_.#'#
#_____###'#.# #######
#.### $.$ $.$# ##.##


You could see Sonja.

Vanquished Creatures
  2 kobold demonologists (D)
  A slime creature (D)
  Sigmund (D)
  A yak (D)
  A floating eye (D)
  An ogre (D)
  A jelly (D)
  Ijyb (D)
9 creatures vanquished.

Notes
Turn   | Place    | Note
-------+----------+-------------------------------------------
     0 | D        | Zeld the Minotaur Berserker began the quest for the Orb.
     0 | D        | Reached XP level 1. HP: 19/19 MP: 0/0
     2 | D        | Noticed Ijyb
     6 | D        | Killed Ijyb
     7 | D        | Reached skill level 5 in Fighting
     7 | D        | Reached skill level 5 in Axes
     7 | D        | Reached XP level 2. HP: 29/29 MP: 1/1
   148 | D        | Noticed an ogre
   150 | D        | Killed an ogre
   151 | D        | Reached skill level 5 in Armour
   151 | D        | Reached XP level 3. HP: 39/39 MP: 2/2
   151 | D        | Reached XP level 4. HP: 47/47 MP: 3/3
   301 | D        | Noticed Sigmund
   310 | D        | Killed Sigmund
   310 | D        | Reached ** piety under Trog
   311 | D        | Reached skill level 5 in Dodging
   311 | D        | Reached XP level 5. HP: 29/57 MP: 4/4
   311 | D        | Reached XP level 6. HP: 32/63 MP: 5/5
   610 | D        | Found a burning altar of Makhleb.
   610 | D        | Found a viscous altar of Jiyva.
   610 | D        | Found a shimmering altar of Xom.
   610 | D        | Found a corrupted altar of Lugonu.
   610 | D        | Noticed a slime creature
   617 | D        | Killed a slime creature
   618 | D        | Reached skill level 10 in Fighting
   618 | D        | Reached skill level 10 in Axes
   992 | D        | Found an ornate altar of the Wu Jian Council.
   992 | D        | Found a shimmering blue altar of Sif Muna.
   994 | D        | Found a radiant altar of Vehumet.
  1058 | D        | Found Wudghicao's Jewellery Emporium.
  1058 | D        | Found an ancient bone altar of Kikubaaqudgha.
  1058 | D        | Found a hazy altar of Hepliaklqana.
  1058 | D        | Found a stormy altar of Qazlal.
  1058 | D        | Found a hide-covered altar of Uskayaw.
  1058 | D        | Found a blossoming altar of Fedhas.
  1058 | D        | Found a bloodstained altar of Trog.
  1058 | D        | Found an iron altar of Okawaru.
  1058 | D        | Found a basalt altar of Yredelemnul.
  1058 | D        | Found a glowing golden altar of the Shining One.
  1058 | D        | Found a snail-covered altar of Cheibriados.
  1058 | D        | Found a sacrificial altar of Ru.
  1058 | D        | Found a glowing silver altar of Zin.
  1058 | D        | Found a shadowy altar of Dithmenos.
  1058 | D        | Found a white marble altar of Elyvilon.
  1058 | D        | Noticed a yak
  1063 | D        | Killed a yak
  1064 | D        | Reached XP level 7. HP: 74/74 MP: 6/6
  1066 | D        | Found an opulent altar of Gozag.
  1067 | D        | Found a sparkling altar of Nemelex Xobeh.
  1074 | D        | Bought an amulet of reflection for 360 gold pieces
  1119 | D        | Noticed a kobold demonologist
  1119 | D        | Noticed a kobold demonologist
  1121 | D        | Paralysed by a floating eye for 2 turns
  1131 | D        | Killed a kobold demonologist
  1131 | D        | Reached *** piety under Trog
  1132 | D        | Reached skill level 5 in Evocations
  1133 | D        | Killed a kobold demonologist
  1134 | D        | Reached XP level 8. HP: 85/85 MP: 7/7
  1251 | D        | Noticed Sonja
  1266 | D        | Slain by Sonja

Illustrated notes

Levels and vault maps discovered:
D:        dungeon_sprint_1 [red_sonja_temple_1, red_sonja_temple_small_1]

Skill      XL: |  1  2  3  4  5  6  7 |
---------------+----------------------+-----
Fighting       | 5 7 9 11 12 | 12.5
Axes           | 5 7 9 11 12 | 12.4
Armour         | 3 5 6 7 8 |  8.9
Dodging        | 3 4 5 7 8 |  8.1
Evocations     | 2 4 5 |  5.4

Action                   |  1- 3 |  4- 6 |  7- 9 || total
-------------------------+-------+-------+-------++-------
Melee: Hand axe          |     4 |    19 |    13 ||    36
       Headbutt          |     2 |     3 |     1 ||     6
Invok: Berserk           |     2 |     3 |     2 ||     7
Evoke: Wand              |       |       |     1 ||     1
  Use: Potion            |       |       |     4 ||     4
 Stab: Sleeping          |       |     1 |       ||     1
Armor: Animal skin       |       |     1 |     1 ||     2
Dodge: Dodged            |     1 |     5 |     6 ||    12
Block: Other             |       |       |     7 ||     7
